| TOP OF THE 1ST |
|
Washington (APP) Nationals batting - Pitching for Missoula Osprey : RHP Jorge Gallegos
|
|
Pitching: RHP Jorge Gallegos
|
|
|
Batting: RHB Jim Miske
|
0-0: Ball 1-0: Ball 2-0: Foul Ball, location: 2F 2-1: Swinging Strike 2-2: Ball 3-2: Foul Ball, location: 2F 3-2: Fly out, F5 (Popup, 56S, EV 75.6 MPH)
|
|
Batting: RHB Gregg Huddleston
|
0-0: Ball 1-0: Ball 2-0: Ground out 6-3 (Groundball, 6M, EV 83.1 MPH)
|
|
Batting: LHB Nate Melendez
|
0-0: Fly out, F8 (Flyball, 8RD, EV 98.8 MPH)
|
| Top of the 1st over - 0 runs, 0 hits, 0 errors, 0 left on base; Washington (APP) 0 - Missoula 0 |
| BOTTOM OF THE 1ST |
|
Missoula Osprey batting - Pitching for Washington (APP) Nationals : LHP Sean Carr
|
|
Pitching: LHP Sean Carr
|
|
|
Batting: SHB Roger Holmes
|
0-0: Ball 1-0: Ball 2-0: Foul Ball, location: 2F 2-1: Called Strike 2-2: Ball 3-2: Base on Balls
|
|
Batting: LHB Omar Marquez
|
0-0: Ball 1-0: Swinging Strike 1-1: Ball 2-1: Fielders Choice at 2nd, 4-6 (Groundball, 34, EV 101.9 MPH)
|
|
Batting: RHB Antonio Luisa
|
0-0: Called Strike 0-1: Ball 1-1: Ball 2-1: Ball Wild Pitch! Omar Marquez to second 3-1: Base on Balls
|
|
Batting: RHB Chad Mendoza
|
0-0: Ball 1-0: Called Strike 1-1: Swinging Strike 1-2: Foul Ball, location: 2F 1-2: Ball 2-2: Strikes out swinging
|
|
Batting: LHB Enrique Ponce
|
0-0: Foul Ball, location: 2F 0-1: Foul Ball, location: 2F 0-2: Ground out 4-3 (Groundball, 4, EV 100.0 MPH)
|
| Bottom of the 1st over - 0 runs, 0 hits, 0 errors, 2 left on base; Washington (APP) 0 - Missoula 0 |
| TOP OF THE 2ND |
|
Washington (APP) Nationals batting - Pitching for Missoula Osprey : RHP Jorge Gallegos
|
|
Batting: RHB Nick Moreno
|
0-0: Ball 1-0: Ball 2-0: Ball 3-0: Base on Balls
|
|
Batting: RHB Kevin Whitenack
|
0-0: Foul Ball, location: 2F 0-1: Ball 1-1: Fly out, F7 (Flyball, 7D, EV 110.0 MPH)
|
|
Batting: RHB Jon Buscher
|
0-0: Ball Nick Moreno steals 2nd base 1-0: Called Strike 1-1: 2-RUN HOME RUN (Flyball, 7D, EV 92.5 MPH), Distance : 350 ft
|
|
Batting: RHB Jesus Malave
|
0-0: Ball 1-0: Called Strike 1-1: SOLO HOME RUN (Line Drive, 7D, EV 96.2 MPH), Distance : 355 ft
|
|
Pitching: RHP Rick Foster
|
|
|
Batting: RHB Derek Moran
|
0-0: Swinging Strike 0-1: Swinging Strike 0-2: Ball 1-2: Foul Ball, location: 2F 1-2: Strikes out swinging
|
|
Batting: RHB Naofumi Ishida
|
0-0: Ball 1-0: Called Strike 1-1: Ground out 2-3 (Groundball, 2L, EV 75.6 MPH)
|
| Top of the 2nd over - 3 runs, 2 hits, 0 errors, 0 left on base; Washington (APP) 3 - Missoula 0 |
| BOTTOM OF THE 2ND |
|
Missoula Osprey batting - Pitching for Washington (APP) Nationals : LHP Sean Carr
|
|
Batting: SHB Lee Dillon
|
0-0: Ball 1-0: Called Strike 1-1: SOLO HOME RUN (Flyball, 7D, EV 98.8 MPH), Distance : 352 ft
|
|
Batting: LHB Tae-geun Kwang
|
0-0: Ball 1-0: Ball 2-0: Called Strike 2-1: Ball 3-1: Base on Balls
|
|
Batting: RHB Sergio Manzanero
|
0-0: Called Strike 0-1: Swinging Strike 0-2: Ball 1-2: Ball 2-2: Strikes out swinging
|
|
Batting: RHB Zach Espinosa
|
0-0: Called Strike 0-1: Called Strike 0-2: Ball 1-2: DOUBLE (Groundball, 5L, EV 100.0 MPH) Tae-geun Kwang to third
|
|
Pinch Runner at 2nd Jeff Harmon:
|
|
|
Batting: SHB Roger Holmes
|
0-0: SINGLE (Flyball, 9S, EV 89.4 MPH) Tae-geun Kwang scores Jeff Harmon to third
|
|
Batting: LHB Omar Marquez
|
0-0: Ball 1-0: Called Strike 1-1: Ball 2-1: Foul Ball, location: 2F 2-2: Fielders Choice at 2nd, 6-4 (Groundball, 6, EV 83.8 MPH) Jeff Harmon scores
|
|
Batting: RHB Antonio Luisa
|
0-0: Called Strike 0-1: Fly out, F3 (Line Drive, 3, EV 71.2 MPH)
|
| Bottom of the 2nd over - 3 runs, 3 hits, 0 errors, 1 left on base; Washington (APP) 3 - Missoula 3 |
| TOP OF THE 3RD |
|
Washington (APP) Nationals batting - Pitching for Missoula Osprey : RHP Rick Foster
|
|
Now at C: Jeff Harmon
|
|
|
Batting: RHB Jim Miske
|
0-0: Called Strike 0-1: Foul Ball, location: 2F 0-2: Ball 1-2: Foul Ball, location: 2F 1-2: Ball 2-2: Ball 3-2: Ground out 6-3 (Groundball, 56D, EV 82.5 MPH)
|
|
Batting: RHB Gregg Huddleston
|
0-0: Called Strike 0-1: Ball 1-1: Ball 2-1: Ball 3-1: Base on Balls
|
|
Pitching: LHP Heath Henderson
|
|
|
Batting: LHB Nate Melendez
|
0-0: Ball 1-0: Foul Ball, location: 2F 1-1: Ball 2-1: Fielders Choice at 2nd, 3-6 (Groundball, 23, EV 84.4 MPH)
|
|
Batting: RHB Nick Moreno
|
0-0: Ball 1-0: Ball 2-0: Ball Wild Pitch! Nate Melendez to second 3-0: Base on Balls
|
|
Batting: RHB Kevin Whitenack
|
0-0: Foul Ball, location: 2F 0-1: Foul Ball, location: 2F 0-2: Ball 1-2: Ball 2-2: SINGLE (Line Drive, 7LS, EV 94.4 MPH) Nate Melendez to third Nick Moreno to second
|
|
Batting: RHB Jon Buscher
|
0-0: Ground out 4-3 (Groundball, 34, EV 97.5 MPH)
|
| Top of the 3rd over - 0 runs, 1 hit, 0 errors, 3 left on base; Washington (APP) 3 - Missoula 3 |
| BOTTOM OF THE 3RD |
|
Missoula Osprey batting - Pitching for Washington (APP) Nationals : LHP Sean Carr
|
|
Batting: RHB Chad Mendoza
|
0-0: Foul Ball, location: 2F 0-1: Ball 1-1: Ball 2-1: Fly out, F7 (Flyball, 7S, EV 89.4 MPH)
|
|
Batting: LHB Enrique Ponce
|
0-0: Ball 1-0: Ground out 3-1 (Groundball, 34, EV 82.5 MPH)
|
|
Batting: SHB Lee Dillon
|
0-0: Called Strike 0-1: Foul Ball, location: 2F 0-2: Fly out, F9 (Flyball, 9LM, EV 101.9 MPH)
|
| Bottom of the 3rd over - 0 runs, 0 hits, 0 errors, 0 left on base; Washington (APP) 3 - Missoula 3 |
| TOP OF THE 4TH |
|
Washington (APP) Nationals batting - Pitching for Missoula Osprey : LHP Heath Henderson
|
|
Batting: RHB Jesus Malave
|
0-0: Ball 1-0: Ball 2-0: Ball 3-0: Base on Balls
|
|
Pitching: RHP Alan Muth
|
|
|
Batting: RHB Derek Moran
|
0-0: Foul Ball, location: 2F 0-1: SINGLE (Line Drive, 6M, EV 99.4 MPH) Jesus Malave to second
|
|
Batting: RHB Naofumi Ishida
|
0-0: Called Strike 0-1: Foul Ball, location: 2F 0-2: Foul Ball, location: 2F 0-2: Ball 1-2: DOUBLE (Line Drive, 8RXD, EV 96.2 MPH) Jesus Malave scores Derek Moran to third Runner from 3rd tries for Home, SAFE, throw by CF to trailing runner, SAFE at third!
|
|
Batting: RHB Jim Miske
|
0-0: Called Strike 0-1: Ball 1-1: Ball 2-1: Swinging Strike 2-2: Ground out 5-3 (Groundball, 56S, EV 85.6 MPH) Naofumi Ishida scores
|
|
Batting: RHB Gregg Huddleston
|
0-0: SOLO HOME RUN (Flyball, 8RXD, EV 103.1 MPH), Distance : 408 ft
|
|
Batting: LHB Nate Melendez
|
0-0: Foul Ball, location: 2F 0-1: Ground out 1-3 (Groundball, 15, EV 70.6 MPH)
|
|
Batting: RHB Nick Moreno
|
0-0: Ball 1-0: Called Strike 1-1: Foul Ball, location: 2F 1-2: SINGLE (Flyball, 3D, EV 89.4 MPH)
|
|
Pitching: RHP John Petersen
|
|
|
Batting: RHB Kevin Whitenack
|
0-0: Called Strike Nick Moreno steals 2nd base 0-1: Swinging Strike 0-2: Foul Ball, location: 2F 0-2: Ball 1-2: Ball 2-2: Ball 3-2: Foul Ball, location: 2F 3-2: Foul Ball, location: 2F 3-2: Base on Balls
|
|
Batting: RHB Jon Buscher
|
0-0: Ball 1-0: Ball 2-0: SINGLE (Groundball, 6MD, EV 100.0 MPH) Nick Moreno to third Kevin Whitenack to second Runner from 3rd tries for Home, throw by CF and OUT! 8-2
|
| Top of the 4th over - 4 runs, 5 hits, 0 errors, 2 left on base; Washington (APP) 7 - Missoula 3 |
| BOTTOM OF THE 4TH |
|
Missoula Osprey batting - Pitching for Washington (APP) Nationals : LHP Sean Carr
|
|
Batting: LHB Tae-geun Kwang
|
0-0: Called Strike 0-1: Ball 1-1: Ball 2-1: Foul Ball, location: 2F 2-2: Strikes out swinging
|
|
Batting: RHB Sergio Manzanero
|
0-0: Called Strike 0-1: Ball 1-1: Called Strike 1-2: Ball 2-2: Strikes out looking
|
|
Batting: LHB Jeff Harmon
|
0-0: Called Strike 0-1: Foul Ball, location: 2F 0-2: Ball 1-2: Ball 2-2: Foul Ball, location: 2F 2-2: Strikes out looking
|
| Bottom of the 4th over - 0 runs, 0 hits, 0 errors, 0 left on base; Washington (APP) 7 - Missoula 3 |
| TOP OF THE 5TH |
|
Washington (APP) Nationals batting - Pitching for Missoula Osprey : RHP John Petersen
|
|
Batting: RHB Jesus Malave
|
0-0: Called Strike 0-1: Ball 1-1: Foul Ball, location: 2F 1-2: DOUBLE (Line Drive, 9LM, EV 99.4 MPH)
|
|
Batting: RHB Derek Moran
|
0-0: Ball Passed Ball! Jesus Malave to third 1-0: Swinging Strike 1-1: Ball 2-1: Foul Ball, location: 2F 2-2: Foul Ball, location: 2F 2-2: Ball 3-2: Ground out 4-3 (Groundball, 4, EV 90.0 MPH) Jesus Malave scores
|
|
Pitching: RHP Tom Alatas
|
|
|
Batting: RHB Naofumi Ishida
|
0-0: Called Strike 0-1: Foul Ball, location: 2F 0-2: Foul Ball, location: 2F 0-2: Foul Ball, location: 2F 0-2: Ball 1-2: Ball 2-2: Ball 3-2: SOLO HOME RUN (Flyball, 78XD, EV 102.5 MPH), Distance : 419 ft
|
|
Batting: RHB Jim Miske
|
0-0: Swinging Strike 0-1: Foul Ball, location: 2F 0-2: Ball 1-2: Ball 2-2: Ball 3-2: Base on Balls
|
|
Batting: RHB Gregg Huddleston
|
0-0: Ball 1-0: Swinging Strike 1-1: Ball Jim Miske steals 2nd base 2-1: Called Strike 2-2: Ball 3-2: Strikes out swinging
|
|
Batting: LHB Nate Melendez
|
0-0: Ball 1-0: Ball 2-0: 2-RUN HOME RUN (Line Drive, 78XD, EV 105.6 MPH), Distance : 391 ft
|
|
Batting: RHB Nick Moreno
|
0-0: Called Strike 0-1: Ball 1-1: Foul Ball, location: 2F 1-2: Strikes out swinging
|
| Top of the 5th over - 4 runs, 3 hits, 0 errors, 0 left on base; Washington (APP) 11 - Missoula 3 |
| BOTTOM OF THE 5TH |
|
Missoula Osprey batting - Pitching for Washington (APP) Nationals : LHP Sean Carr
|
|
Batting: SHB Roger Holmes
|
0-0: Foul Ball, location: 2F 0-1: Ball 1-1: Foul Ball, location: 2F 1-2: SINGLE (Groundball, 6MD, EV 94.4 MPH)
|
|
Pitching: LHP Mike Montgomery
|
|
|
Batting: LHB Omar Marquez
|
0-0: Ball 1-0: Swinging Strike 1-1: Ball 2-1: Ball 3-1: Base on Balls Roger Holmes to second
|
|
Batting: RHB Antonio Luisa
|
0-0: Fielders Choice at 2nd, 3-6 (Groundball, 13, EV 87.5 MPH) Roger Holmes to third
|
|
Batting: RHB Chad Mendoza
|
0-0: Ball Pickoff Throw to First - Out! 1-3 1-0: Ball 2-0: Called Strike 2-1: SINGLE (Flyball, 6MD, EV 87.5 MPH) Roger Holmes scores
|
|
Batting: LHB Enrique Ponce
|
0-0: Fly out, F8 (Flyball, 8LD, EV 95.6 MPH)
|
| Bottom of the 5th over - 1 run, 2 hits, 0 errors, 1 left on base; Washington (APP) 11 - Missoula 4 |
| TOP OF THE 6TH |
|
Washington (APP) Nationals batting - Pitching for Missoula Osprey : RHP Tom Alatas
|
|
Batting: RHB Kevin Whitenack
|
0-0: Ball 1-0: Called Strike 1-1: Ball 2-1: Ball 3-1: Foul Ball, location: 2F 3-2: Foul Ball, location: 2F 3-2: Base on Balls
|
|
Batting: RHB Jon Buscher
|
0-0: SINGLE (Groundball, 6MD, EV 94.4 MPH) Kevin Whitenack to second
|
|
Batting: RHB Jesus Malave
|
0-0: Foul Ball, location: 2F 0-1: Foul Ball, location: 2F 0-2: Fly out, F9 (Flyball, 9LM, EV 78.1 MPH)
|
|
Batting: RHB Derek Moran
|
0-0: Ball 1-0: Swinging Strike 1-1: Ball 2-1: Ball 3-1: Base on Balls Kevin Whitenack to third Jon Buscher to second
|
|
Batting: RHB Naofumi Ishida
|
0-0: Called Strike 0-1: Grounds into double play, 6-4-3 (Groundball, 6, EV 105.0 MPH)
|
| Top of the 6th over - 0 runs, 1 hit, 0 errors, 2 left on base; Washington (APP) 11 - Missoula 4 |
| BOTTOM OF THE 6TH |
|
Missoula Osprey batting - Pitching for Washington (APP) Nationals : LHP Mike Montgomery
|
|
Batting: SHB Lee Dillon
|
0-0: Foul Ball, location: 2F 0-1: Foul Ball, location: 2F 0-2: Ball 1-2: Ball 2-2: Ball 3-2: SINGLE (Line Drive, 9S, EV 96.9 MPH)
|
|
Batting: LHB Tae-geun Kwang
|
0-0: Called Strike 0-1: Ball 1-1: Foul Ball, location: 2F 1-2: Strikes out swinging
|
|
Pitching: LHP Kevin Besser
|
|
|
Batting: RHB Sergio Manzanero
|
0-0: Called Strike 0-1: Swinging Strike 0-2: Ball 1-2: Ball 2-2: Strikes out swinging
|
|
Batting: LHB Jeff Harmon
|
0-0: Called Strike 0-1: Called Strike 0-2: Ball 1-2: Foul Ball, location: 2F 1-2: Ground out U3 (Groundball, 3, EV 85.6 MPH)
|
| Bottom of the 6th over - 0 runs, 1 hit, 0 errors, 1 left on base; Washington (APP) 11 - Missoula 4 |
| TOP OF THE 7TH |
|
Washington (APP) Nationals batting - Pitching for Missoula Osprey : RHP Tom Alatas
|
|
Batting: RHB Jim Miske
|
0-0: Ball 1-0: Ball 2-0: Called Strike 2-1: Foul Ball, location: 2F 2-2: Ball 3-2: Ground out 6-3 (Groundball, 56, EV 80.0 MPH)
|
|
Batting: RHB Gregg Huddleston
|
0-0: SINGLE (Line Drive, 7LS, EV 100.6 MPH)
|
|
Batting: LHB Nate Melendez
|
0-0: Ball 1-0: Ball 2-0: Called Strike 2-1: Called Strike 2-2: 2-RUN HOME RUN (Line Drive, 9D, EV 92.5 MPH), Distance : 352 ft
|
|
Batting: RHB Nick Moreno
|
0-0: Foul Ball, location: 2F 0-1: Ball 1-1: Foul Ball, location: 2F 1-2: SOLO HOME RUN (Flyball, 89XD, EV 98.8 MPH), Distance : 403 ft
|
|
Pitching: RHP Nate Spencer
|
|
|
Pinch Hitting: LHB Jim Weidman
|
0-0: Ball 1-0: Ball 2-0: Called Strike 2-1: Ground out 4-3 (Groundball, 4, EV 86.9 MPH)
|
|
Batting: RHB Jon Buscher
|
0-0: Ground out 4-3 (Groundball, 34, EV 80.6 MPH)
|
| Top of the 7th over - 3 runs, 3 hits, 0 errors, 0 left on base; Washington (APP) 14 - Missoula 4 |
| BOTTOM OF THE 7TH |
|
Missoula Osprey batting - Pitching for Washington (APP) Nationals : LHP Kevin Besser
|
|
Now at 1B: Brian Walker
|
|
|
Batting: SHB Roger Holmes
|
0-0: Ball 1-0: Ball 2-0: Ball 3-0: Base on Balls
|
|
Batting: LHB Omar Marquez
|
0-0: Ball Roger Holmes is caught stealing 2nd base 2-6 1-0: Swinging Strike 1-1: Swinging Strike 1-2: Ball 2-2: Ball 3-2: Foul Ball, location: 2F 3-2: Foul Ball, location: 2F 3-2: Strikes out looking
|
|
Batting: RHB Antonio Luisa
|
0-0: Ball 1-0: Ground out 5-3 (Groundball, 56S, EV 78.8 MPH)
|
| Bottom of the 7th over - 0 runs, 0 hits, 0 errors, 0 left on base; Washington (APP) 14 - Missoula 4 |
| TOP OF THE 8TH |
|
Washington (APP) Nationals batting - Pitching for Missoula Osprey : RHP Nate Spencer
|
|
Batting: RHB Jesus Malave
|
0-0: Ball 1-0: Ball 2-0: Fly out, F9 (Flyball, 9S, EV 91.2 MPH)
|
|
Batting: RHB Derek Moran
|
0-0: Ground out 5-3 (Groundball, 56, EV 110.0 MPH)
|
|
Batting: RHB Naofumi Ishida
|
0-0: Ball 1-0: Swinging Strike 1-1: Ground out 5-3 (Groundball, 56, EV 102.5 MPH)
|
| Top of the 8th over - 0 runs, 0 hits, 0 errors, 0 left on base; Washington (APP) 14 - Missoula 4 |
| BOTTOM OF THE 8TH |
|
Missoula Osprey batting - Pitching for Washington (APP) Nationals : LHP Kevin Besser
|
|
Batting: RHB Chad Mendoza
|
0-0: Ball 1-0: Ball 2-0: Ball 3-0: Called Strike 3-1: Foul Ball, location: 2F 3-2: Ground out 1-3 (Groundball, 13S, EV 68.1 MPH)
|
|
Pinch Hitting: RHB Steve Machol
|
0-0: Ball 1-0: Called Strike 1-1: Foul Ball, location: 2F 1-2: SINGLE (Groundball, 34D, EV 108.1 MPH)
|
|
Pitching: RHP Halewijn Bos
|
|
|
Batting: SHB Lee Dillon
|
0-0: SINGLE (Groundball, 6MD, EV 104.4 MPH) Steve Machol to second
|
|
Batting: LHB Tae-geun Kwang
|
0-0: Ball 1-0: Called Strike 1-1: Fly out, F6 (Popup, 15S, EV 89.4 MPH)
|
|
Pinch Hitting: SHB Blaine Peters
|
0-0: Ball 1-0: Ball 2-0: Ball 3-0: Called Strike 3-1: Ground out 4-3 (Groundball, 4, EV 90.0 MPH)
|
| Bottom of the 8th over - 0 runs, 2 hits, 0 errors, 2 left on base; Washington (APP) 14 - Missoula 4 |
| TOP OF THE 9TH |
|
Washington (APP) Nationals batting - Pitching for Missoula Osprey : RHP Nate Spencer
|
|
Now at 2B: Roger Holmes
|
|
|
Now at 3B: Ernesto Zamora
|
|
|
Now in CF: Blaine Peters
|
|
|
Batting: RHB Jim Miske
|
0-0: Ball 1-0: Ball 2-0: Ball 3-0: Called Strike 3-1: Base on Balls
|
|
Batting: RHB Gregg Huddleston
|
0-0: SINGLE (Line Drive, 9S, EV 91.2 MPH) Jim Miske to second
|
|
Batting: LHB Nate Melendez
|
0-0: Foul Ball, location: 2F 0-1: Foul Ball, location: 2F 0-2: Ball 1-2: Foul Ball, location: 2F 1-2: Ball 2-2: Foul Ball, location: 2F 2-2: Foul Ball, location: 2F 2-2: SINGLE (Groundball, 4MD, EV 97.5 MPH) Jim Miske to third Gregg Huddleston to second Runner from 3rd tries for Home, SAFE, throw by CF to home
|
|
Batting: RHB Nick Moreno
|
0-0: SINGLE (Flyball, 7S, EV 86.9 MPH) Gregg Huddleston to third Nate Melendez to second Runner from 3rd tries for Home, throw by LF and OUT! 7-2
|
|
Batting: RHB Brian Walker
|
0-0: Ball 1-0: Ball 2-0: Ball 3-0: Base on Balls Nate Melendez to third Nick Moreno to second
|
|
Batting: RHB Jon Buscher
|
0-0: Ball 1-0: Ball 2-0: Ball 3-0: Called Strike 3-1: Foul Ball, location: 2F 3-2: Base on Balls Nate Melendez scores Nick Moreno to third Brian Walker to second
|
|
Batting: RHB Jesus Malave
|
0-0: Ball 1-0: Foul Ball, location: 2F 1-1: Foul Ball, location: 2F 1-2: SINGLE (Groundball, 34D, EV 101.2 MPH) Nick Moreno scores Brian Walker to third Jon Buscher to second Runner from 3rd tries for Home, SAFE, throw by RF to home
|
|
Pitching: RHP Ed Vargas
|
|
|
Batting: RHB Derek Moran
|
0-0: Foul Ball, location: 2F 0-1: Called Strike 0-2: Fly out, F7 (Line Drive, 7, EV 101.2 MPH)
|
|
Batting: RHB Naofumi Ishida
|
0-0: Ball 1-0: Foul Ball, location: 2F 1-1: Swinging Strike 1-2: Foul Ball, location: 2F 1-2: SINGLE (Line Drive, 4D, EV 104.4 MPH) Jon Buscher to third Jesus Malave to second Runner from 3rd tries for Home, SAFE, throw by RF to home
|
|
Batting: RHB Jim Miske
|
0-0: Called Strike 0-1: Foul Ball, location: 2F 0-2: Ball 1-2: Foul Ball, location: 2F 1-2: Strikes out swinging
|
| Top of the 9th over - 5 runs, 5 hits, 0 errors, 2 left on base; Washington (APP) 19 - Missoula 4 |
| BOTTOM OF THE 9TH |
|
Missoula Osprey batting - Pitching for Washington (APP) Nationals : RHP Halewijn Bos
|
|
Batting: LHB Jeff Harmon
|
0-0: Ball 1-0: Ball 2-0: Ball 3-0: Base on Balls
|
|
Batting: SHB Roger Holmes
|
0-0: Called Strike 0-1: Foul Ball, location: 2F 0-2: Ball 1-2: SINGLE (Groundball, 4M, EV 96.2 MPH) (infield hit) Jeff Harmon to second
|
|
Batting: LHB Omar Marquez
|
0-0: Ball 1-0: Foul Ball, location: 2F 1-1: Foul Ball, location: 2F 1-2: Ball 2-2: Foul Ball, location: 2F 2-2: Strikes out looking
|
|
Pitching: RHP Chris Lawrence
|
|
|
Batting: RHB Antonio Luisa
|
0-0: Ball 1-0: Ball 2-0: Swinging Strike 2-1: Called Strike 2-2: Foul Ball, location: 2F 2-2: Foul Ball, location: 2F 2-2: Strikes out swinging
|
|
Batting: RHB Chad Mendoza
|
0-0: Ball 1-0: Called Strike 1-1: Ball 2-1: Called Strike 2-2: Foul Ball, location: 2F 2-2: Strikes out looking
|
| Bottom of the 9th over - 0 runs, 1 hit, 0 errors, 2 left on base; Washington (APP) 19 - Missoula 4 |
|